 Dungeon Crawl Stone Soup version 0.29.1-1-gd02db6906a (webtiles) character file.

Game seed: 13229211211691940574

15 KamiKatze the Trooper (level 2, 0/25 HPs)
             Began as a Palentonga Fighter on Oct 5, 2022.
             Slain by a rat (1 damage)
             ... on level 1 of the Dungeon.
             The game lasted 00:01:43 (357 turns).

KamiKatze the Trooper (Palentonga Fighter)           Turns: 357, Time: 00:01:48

Health: 0/25       AC:  6    Str: 21    XL:     2   Next: 34%
Magic:  2/2        EV:  7    Int:  8    God:
Gold:   32         SH:  4    Dex:  9    Spells: 1/1 levels left

rFire   . . .      SeeInvis +   a - +0 war axe
rCold   . . .      Faith    .   c - +0 buckler
rNeg    . . .      Spirit   .   b - +0 scale mail
rPois   .          Reflect  .   (no helmet)
rElec   .          Harm     .   (no cloak)
rCorr   .          Rampage  .   (no gloves)
Will    .....                   (no barding)
Stlth   ..........              (no amulet)
HPRegen 0.08/turn               (no ring)
MPRegen 0.08/turn               (no ring)

@: lethally poisoned (0 -> -10)
A: large, rugged brown scales 3, see invisible, deformed body, roll 1, armoured
tail
a: Rolling Charge


You were on level 1 of the Dungeon.
You visited 1 branch of the dungeon, and saw 1 of its levels.

You collected 32 gold pieces.

Inventory:

Hand Weapons
 a - a +0 war axe (weapon)
Armour
 b - a +0 scale mail (worn)
 c - a +0 buckler (worn)
Jewellery
 h - a ring of fire
Scrolls
 e - a scroll of identify {unknown}
 g - a scroll of teleportation {unknown}
Potions
 d - a potion of might


   Skills:
 + Level 3.1 Fighting
 * Level 2.3 Axes
 + Level 2.5 Armour
 + Level 0.2 Dodging
 * Level 2.9 Shields


You had one spell level left.
You didn't know any spells.
Your spell library was empty.

Dungeon Overview and Level Annotations

Branches:
Dungeon (1/15)

Altars:

Shops:
D:1 !


Innate Abilities, Weirdness & Mutations

You are completely covered in rugged brown scales. (AC +3, +7% HP)
You have supernaturally acute eyesight. (SInv)
Armour fits poorly on your strangely shaped body.
You can roll at nearby foes to attack.
You have a long armoured tail.


Message History

You closely miss the goblin. The goblin hits you but does no damage.
You miss the goblin. The goblin barely misses you.
You slash the goblin!
You kill the goblin!
The bat hits you.
You hit the bat.
You kill the bat!
The goblin hits you but does no damage.
Things that are here:
a +0 dagger; a bat corpse; a goblin corpse There's nothing you can charge at!
Unknown command.
You closely miss the goblin.
The goblin hits you with a +2 dagger of venom.
You are poisoned.
A rat comes into view.
The goblin hits you with a +2 dagger of venom.
You are lethally poisoned!
You slash the goblin!
You kill the goblin!
* * * LOW HITPOINT WARNING * * *
You feel extremely sick.
A bat comes into view.
Found a purple potion, 21 gold pieces and a potion of might.
* * * LOW HITPOINT WARNING * * *
You feel very sick. The bat hits you but does no damage.
The bat completely misses you.
You see here a +2 dagger of venom.
It was a potion of haste.
You feel yourself speed up.
* * * LOW HITPOINT WARNING * * *
You feel very sick. The bat hits you but does no damage.
Unknown command.
It was a potion of cancellation.
Your magical effects are unravelling.
You feel magically purged.
You feel yourself slow down.
* * * LOW HITPOINT WARNING * * *
You feel sick. The bat hits you but does no damage. The rat bites you.
You die...

##.#..#..##.#.######
##.#....†..........#
.....##...###...##.#
..>...#...#!#...##.#
...##.#...##.##..#.#
.####.##....#.#....###
.####.###...##.##....##
.#............#.#)|...#
.#.##.#.......##@####.#
.#.##.......#..r#b.!# #
#...###.....#... ..$#
.#.#.##.....#... ..$#
........###...## ####
.#.#.#### #...# #...##
#..##. ##.## ... #.#


You could see a bat and a rat.

Vanquished Creatures
  2 ball pythons (D:1)
  A giant cockroach (D:1)
  2 goblins (D:1)
  2 jackals (D:1)
  2 quokkas (D:1)
  2 bats (D:1)
  A frilled lizard (D:1)
  A kobold (D:1)
13 creatures vanquished.

Notes
Turn   | Place    | Note
-------+----------+-------------------------------------------
     0 | D:1      | KamiKatze the Palentonga Fighter began the quest for the
                  | Orb.
     0 | D:1      | Reached XP level 1. HP: 19/19 MP: 1/1
   144 | D:1      | Found Caaxkeq's Distillery.
   228 | D:1      | Reached XP level 2. HP: 25/25 MP: 2/2
   357 | D:1      | HP: 1/25 [poisoned by a goblin]
   357 | D:1      | Slain by a rat

Illustrated notes

Levels and vault maps discovered:
D:1:      saegor_arrival_simple_c, layout_loops_cross, serial_shops, shop,
          minmay_vboxes

Action                   || total
-------------------------++-------
Melee: War axe           ||    35
       Tailslap          ||     4
 Abil: Rolling Charge    ||     8
  Use: Potion            ||     2
Armor: Scale mail        ||    24
Dodge: Dodged            ||     8
Block: Buckler           ||     6
